 Dungeon Crawl Stone Soup version 0.27.1-34-g3ba077fa99 (webtiles) character file.

Game seed: 5791427506061064778

3078 alasdair19 the Carver (level 9, 0/78 HPs)
             Began as a Minotaur Fighter on Jan 14, 2022.
             Was an Initiate of Okawaru.
             Slain by a warg (12 damage)
             ... on level 8 of the Dungeon.
             The game lasted 00:18:56 (8383 turns).

alasdair19 the Carver (Minotaur Fighter)            Turns: 8383, Time: 00:18:56

Health: 0/78       AC: 14    Str: 23    XL:     9   Next: 58%
Magic:  8/8        EV:  6    Int:  6    God:    Okawaru [......]
Gold:   351        SH: 11    Dex: 16    Spells: 8/8 levels left

rFire    + . .     SeeInvis .   e - +1 long sword
rCold    + . .     Faith    .   c - +0 kite shield
rNeg     . . .     Spirit   .   b - +0 plate armour
rPois    .         Reflect  .   n - +1 hat
rElec    .         Harm     .   t - scarf {rC+ rF+}
rCorr    .         Rampage  .   (no gloves)
Will     .....                  (no boots)
Stlth    ..........             (no amulet)
HPRegen  0.23/turn              m - +6 ring of dexterity
MPRegen  0.11/turn              (no ring)

@: no status effects
A: horns 2, retaliatory headbutt
a: Renounce Religion


You were on level 8 of the Dungeon.
You worshipped Okawaru.
Okawaru was noncommittal.
You visited 2 branches of the dungeon, and saw 9 of its levels.

You collected 472 gold pieces.
You spent 121 gold pieces at shops.

Inventory:

Hand Weapons
 e - a +1 long sword (weapon)
 l - a +0 falchion
 q - a +0 hand crossbow
Missiles
 o - 18 bolts
Armour
 b - a +0 plate armour (worn)
 c - a +0 kite shield (worn)
 n - a +1 hat (worn)
 t - a scarf of resistance (worn)
Jewellery
 m - a +6 ring of dexterity (left hand)
 r - an amulet of guardian spirit
Wands
 g - a wand of mindburst (18)
 j - a wand of flame (5)
Scrolls
 a - a scroll of enchant armour {unknown}
 d - a scroll of fear
 f - 3 scrolls of teleportation
 h - a scroll of immolation {unknown}
 k - a scroll of enchant weapon
Potions
 i - a potion of lignification
 p - a potion of curing


   Skills:
 + Level 6.7 Fighting
 + Level 9.5 Long Blades
 + Level 5.1 Crossbows
 + Level 8.2 Armour
 - Level 1.2 Dodging
 + Level 7.2 Shields
 + Level 2.1 Evocations


You had 8 spell levels left.
You didn't know any spells.
Your spell library contained the following spells:

 Spells                   Type           Power      Damage    Failure   Level
 Foxfire                  Conj/Fire      0%         2x1d4     100%        1
 Magic Dart               Conj           0%         1d3       100%        1
 Searing Ray              Conj           0%         3d3       100%        2
 Conjure Flame            Conj/Fire      0%         6-21      100%        3
 Ignite Poison            Fire/Tmut/Pois 0%         N/A       100%        3
 Inner Flame              Hex/Fire       0%         N/A       100%        3
 Mephitic Cloud           Conj/Pois/Air  0%         N/A       100%        3
 Tukima's Dance           Hex            0%         N/A       100%        3
 Fulminant Prism          Conj/Hex       0%         3d6       100%        4
 Passage of Golubria      Tloc           N/A        N/A       100%        4
 Bolt of Magma            Conj/Fire/Erth 0%         4d4       100%        5
 Yara's Violent Unravell  Hex/Tmut       0%         3d3       100%        5


Dungeon Overview and Level Annotations

Branches:
Dungeon (8/15)             Temple (1/1) D:7            Lair (0/6) D:8

Altars:
Dithmenos
Elyvilon
Fedhas
Hepliaklqana
Kikubaaqudgha
Makhleb
Nemelex Xobeh
Okawaru
Qazlal
Sif Muna
Trog
Uskayaw
Wu Jian
Xom
Zin
The Shining One
Lugonu

Shops:
D:5 [

Portals:
Abyss: D:6


Innate Abilities, Weirdness & Mutations

You have a pair of horns on your head.
You reflexively headbutt those who attack you in melee.


Message History

The warg is severely wounded.
You block the warg's attack.
You hit the warg.
The warg is severely wounded.
You block the warg's attack. The warg bites you but does no damage.
You miss the warg. You headbutt the warg!
You kill the warg!
Okawaru accepts your kill.
You slash the orc wizard! Your headbutt misses the orc wizard.
The orc wizard is severely wounded.
The orc wizard hits you with a +0 dagger.
The orc hits you but does no damage.
You hit the orc wizard.
You kill the orc wizard!
Okawaru accepts your kill. You block the orc's attack.
The orc priest looks encouraged for a moment.
You hit the warg.
The warg is lightly wounded.
The orc hits you but does no damage. The warg barely misses you.
You riposte.
You slash the warg! You headbutt the warg!
The warg is heavily wounded.
You completely miss the warg.
The warg is heavily wounded.
You block the warg's attack.
The orc hits you from afar with a +0 trident.
The warg bites you. The orc hits you but does no damage.
You miss the warg.
The warg is heavily wounded.
You block the warg's attack.
The orc priest invokes the aid of Beogh against you.
Beogh smites you!
* * * LOW HITPOINT WARNING * * *
The orc hits you from afar with a +0 trident.
* * * LOW HITPOINT WARNING * * *
The orc priest invokes the aid of Beogh against you.
Beogh smites you!
* * * LOW HITPOINT WARNING * * *
The warg bites you!
You die...

...........#.#...#.
########.#......... .
#........### ..
######........ ...
#..........#.# ....
#....(.......# ...ho
#............#
>..ooo####.....≈......#
...ooooh@.....≈≈≈.....#
....o#####.........#..#
... #.........#..# .
#.........# #######.#.#
.#.. #


You could see 2 wargs, 4 orc priests and 4 orcs.

Vanquished Creatures
  Pikel (D:6)
  A hornet (D:6)
  A steam dragon (D:7)
  Menkaure (D:6)
  A warg (D:8)
  Duvessa (D:7)
  An orc warrior (D:7)
  An ice beast (D:7)
  A black bear (D:6)
  A necrophage (D:6)
  A centaur (D:5)
  A phantom (D:6)
  4 lemures (D:6)
  2 kobold brigands
  3 bullfrogs
  A wyvern zombie (D:8)
  Dowan (D:7)
  A scorpion (D:5)
  A water moccasin skeleton (D:5)
  A jelly (D:6)
  4 wights (D:8)
  2 centaur zombies
  2 hounds
  2 orc priests
  A centaur skeleton (D:7)
  6 orc wizards
  4 iguanas
  2 hound skeletons
  Robin (D:2)
  4 adders
  4 gnolls (D:7)
  A howler monkey skeleton (D:4)
  A howler monkey zombie (D:5)
  A shadow imp (D:7)
  2 white imps (D:5)
  An adder skeleton (D:4)
  A dart slug (D:1)
  21 orcs
  6 bats
  8 endoplasms
  8 giant cockroaches
  7 goblins
  11 hobgoblins
  3 jackals (D:1)
  14 kobolds
  6 quokkas
  7 ball pythons
  4 frilled lizards
  A quokka skeleton (D:4)
  23 rats
  A spectral kobold (D:5)
  A lurking horror (D:6)
186 creatures vanquished.

Vanquished Creatures (others)
  2 lurking horrors (D:6)
  6 plants
  4 toadstools (D:1)
12 creatures vanquished.

Grand Total: 198 creatures vanquished

Notes
Turn   | Place    | Note
-------+----------+-------------------------------------------
     0 | D:1      | alasdair19 the Minotaur Fighter began the quest for the
                  | Orb.
     0 | D:1      | Reached XP level 1. HP: 19/19 MP: 0/0
   286 | D:1      | Reached XP level 2. HP: 27/27 MP: 1/1
   748 | D:1      | Reached skill level 3 in Long Blades
   748 | D:1      | Reached XP level 3. HP: 33/33 MP: 2/2
  1037 | D:2      | Noticed Robin
  1057 | D:2      | Killed Robin
  1183 | D:2      | Found a faded altar of an unknown god.
  1320 | D:2      | Reached XP level 4. HP: 32/40 MP: 3/3
  1528 | D:2      | Reached skill level 4 in Long Blades
  2572 | D:4      | Reached XP level 5. HP: 46/46 MP: 4/4
  2978 | D:4      | Found a shimmering altar of Xom.
  3404 | D:4      | Found a blossoming altar of Fedhas.
  3705 | D:5      | Entered Level 5 of the Dungeon
  3746 | D:5      | Noticed a centaur
  3752 | D:5      | Killed a centaur
  3753 | D:5      | Reached skill level 5 in Long Blades
  3753 | D:5      | Reached skill level 5 in Armour
  3753 | D:5      | Reached skill level 1 in Dodging
  3753 | D:5      | Reached XP level 6. HP: 30/53 MP: 5/5
  4039 | D:5      | Found a shimmering blue altar of Sif Muna.
  4593 | D:5      | Found Foufid's Armour Boutique.
  4605 | D:5      | Reached skill level 5 in Shields
  4605 | D:5      | Reached skill level 1 in Evocations
  4661 | D:5      | Bought a +1 hat for 121 gold pieces
  4705 | D:5      | Reached skill level 6 in Long Blades
  4705 | D:5      | Reached skill level 1 in Crossbows
  4705 | D:5      | Reached XP level 7. HP: 54/60 MP: 6/6
  4867 | D:5      | Found a bloodstained altar of Trog.
  4867 | D:5      | Found a faded altar of an unknown god.
  4875 | D:5      | Found a sparkling altar of Nemelex Xobeh.
  4877 | D:5      | Found an ornate altar of the Wu Jian Council.
  4879 | D:5      | Found a faded altar of an unknown god.
  4911 | D:5      | Found a glowing golden altar of the Shining One.
  5082 | D:5      | Found a hazy altar of Hepliaklqana.
  5309 | D:6      | Noticed Menkaure
  5314 | D:6      | Killed Menkaure
  5333 | D:6      | Identified the +6 whip of Laceration {vorpal, *Rage rElec
                  | rC+ Dex+3}
  5873 | D:6      | Found a one-way gate to the infinite horrors of the Abyss.
  5873 | D:6      | Found a corrupted altar of Lugonu.
  5896 | D:6      | Reached skill level 5 in Fighting
  6077 | D:6      | Reached XP level 8. HP: 64/68 MP: 7/7
  6124 | D:6      | Noticed a hornet
  6131 | D:6      | Paralysed by a hornet for 1 turns
  6135 | D:6      | Killed a hornet
  6136 | D:6      | Reached skill level 7 in Long Blades
  6381 | D:6      | Noticed Pikel
  6388 | D:6      | Killed Pikel
  6389 | D:6      | Reached skill level 8 in Long Blades
  6675 | D:7      | Noticed Duvessa
  6675 | D:7      | Noticed Dowan
  6690 | D:7      | Killed Duvessa
  6704 | D:7      | Killed Dowan
  6705 | D:7      | Reached XP level 9. HP: 72/75 MP: 8/8
  6828 | D:7      | Found a staircase to the Ecumenical Temple.
  6873 | Temple   | Entered the Ecumenical Temple
  6973 | Temple   | Became a worshipper of Warmaster Okawaru
  7343 | D:7      | Found a white marble altar of Elyvilon.
  7839 | D:8      | Found a hide-covered altar of Uskayaw.
  7852 | D:8      | Reached skill level 9 in Long Blades
  8014 | D:8      | Reached skill level 5 in Crossbows
  8366 | D:8      | Found a staircase to the Lair.
  8383 | D:8      | Slain by a warg

Illustrated notes

Levels and vault maps discovered:
D:1:      ldierk_water_garden, layout_basic
D:2:      cheibrodos_helix_gallery, layout_basic,
          hellmonk_ecumenical_altar_pennies_from_heaven, uniq_robin
D:3:      layout_basic, minmay_rat_hole
D:4:      layout_layer_cave, marbit_many_paths, pf_just_have_faith,
          lemuel_flame_loot_1
D:5:      layout_rooms, kennysheep_orc_sif_temple, tso_oasis_becter,
          nicolae_hepliaklqana_monster_ancestors,
          chequers_temple_overflow_minitemple, serial_shops, shop,
          lexackson_kobold_supper
D:6:      layout_basic, amcnicky_altar_lugonu_corruption, uniq_menkaure,
          uniq_pikel
D:7:      layout_basic, lemuel_round_altar, minmay_temple_entry_water_ring,
          mrwooster_statue_mirror, minmay_misc_feat_nine_boxes,
          roderic_lattice_a, uniq_duvessa
D:8:      layout_basic, mainiacjoe_overflow_catwalk, erik_lair_orcish_takeover,
          minivault_23
Temple:   minmay_temple_curvy_loop

Skill      XL: |  1  2  3  4  5  6  7  8  9 |
---------------+----------------------------+-----
Armour         | 4 5 6 7 8 |  8.2
Shields        | 4 5 6 7 |  7.2
Fighting       | 4 5 6 |  6.7
Long Blades    | 3 4 5 6 8 9 |  9.5
Dodging        | 1 |  1.2
Evocations     | 1 2 |  2.1
Crossbows      | 1 2 4 5 |  5.1

Action                   |  1- 3 |  4- 6 |  7- 9 || total
-------------------------+-------+-------+-------++-------
Melee: Long sword        |    93 |   151 |   227 ||   471
       Headbutt          |    22 |    28 |    78 ||   128
 Fire: Hand crossbow     |       |     7 |    38 ||    45
Throw: Throwing net      |       |     1 |     1 ||     2
  Use: Scroll            |       |     5 |     5 ||    10
       Potion            |       |       |     2 ||     2
 Stab: Held in net/web   |       |       |     2 ||     2
Armor: Scale mail        |    47 |    64 |       ||   111
       Chain mail        |       |    25 |     2 ||    27
       Plate armour      |       |       |    92 ||    92
Dodge: Dodged            |    23 |    42 |    42 ||   107
Block: Kite shield       |    60 |    93 |   112 ||   265
       Rpst.: Long sword |     7 |    16 |    13 ||    36
